 Dungeon Crawl Stone Soup version 0.18.1-50-g88ac8fd (webtiles) character file.

83 theElss the Cudgeler (level 4, 0/29 HPs)
             Began as a Gargoyle Berserker on Oct 15, 2016.
             Was a Believer of Trog.
             Slain by an adder (2 damage)
             ... on level 2 of the Dungeon.
             The game lasted 00:03:31 (1149 turns).

theElss the Cudgeler (Gargoyle Berserker)           Turns: 1149, Time: 00:03:31

Health: 0/29       AC:  5    Str: 22    XL:     4   Next: 44%
Magic:  4/4        EV: 12    Int:  7    God:    Trog [**....]
Gold:   41         SH:  0    Dex:  9    Spells: 0 memorised, 3 levels left

rFire  . . .     SeeInvis .     a - +0 mace
rCold  . . .     Gourm    .     b - +0 animal skin
rNeg   + . .     Faith    .     (no shield)
rPois  ∞         Spirit   .     (no helmet)
rElec  +         Dismiss  .     (no cloak)
rCorr  .         Reflect  .     (no gloves)
SustAt .         Harm     .     (no boots)
MR     .....                    (no amulet)
Stlth  +.........               (no ring)
                                (no ring)

@: exhausted, slowed, very slow, not resistant to hostile enchantments, very
unstealthy
A: negative energy resistance 1, electricity resistance, unbreathing,
petrification resistance, rot immunity, AC +3
a: Berserk, Trog's Hand, Burn Spellbooks, Renounce Religion


You were on level 2 of the Dungeon.
You worshipped Trog.
Trog was pleased with you.
You were very hungry.

You visited 1 branch of the dungeon, and saw 2 of its levels.

You collected 41 gold pieces.

Inventory:

Hand Weapons
 a - a +0 mace (weapon)
Armour
 b - a +0 animal skin (worn)
Scrolls
 e - 5 scrolls of identify {unknown}
 g - a scroll of remove curse {unknown}
 i - a scroll of magic mapping {unknown}
 k - a scroll of enchant weapon {unknown}
 l - a scroll of teleportation {unknown}
Potions
 d - a potion of lignification {unknown}
 h - a potion of ambrosia {unknown}
 j - a potion of brilliance {unknown}
Comestibles
 c - 3 bread rations
 f - 8 chunks of flesh


   Skills:
 + Level 3.8 Fighting
 + Level 3.8 Maces & Flails
 + Level 2.4 Armour
 + Level 2.7 Dodging


You had 3 spell levels left.
You didn't know any spells.

Dungeon Overview and Level Annotations

Branches:
Dungeon (2/15)

Altars:


Innate Abilities, Weirdness & Mutations

You are resistant to torment.
Your stone body is resilient (AC +3).
You are immune to poison.
You resist negative energy.
You are resistant to electric shocks.
You can survive without breathing.
You are immune to petrification.
You are immune to rotting.


Message History

The adder closely misses you.
You hit the adder.
The adder is lightly wounded.
The adder bites you.
* * * LOW HITPOINT WARNING * * *
The adder misses you.
Unknown command.
You barely miss the adder.
The adder is lightly wounded.
The adder barely misses you. The adder closely misses you.
The adder barely misses you.
You hit the adder.
The adder is moderately wounded.
The adder bites you.
* * * LOW HITPOINT WARNING * * *
The adder barely misses you.
You barely miss the adder.
The adder is moderately wounded.
The adder misses you. The adder bites you.
You die...

..........###########..
.....)..................
........................
...........#...........(
..............÷........
.......(.####..........#
... #....####.#.#####...
#....#.†.........# #...
#......@..^.......###...
#..###)†S.............÷.
.....................
...............###....
......>...>......# ##...
.#..(#...........# #...
....>##..........) ###.
..### #........ ... ...


You could see an adder.

Vanquished Creatures
  2 adders (D:2)
  2 oozes
  A worm (D:2)
  A giant gecko (D:1)
  8 bats
  A giant cockroach (D:1)
  6 hobgoblins (D:1)
  5 jackals
  A quokka (D:2)
  3 ball pythons (D:2)
  2 giant newts (D:1)
  7 goblins
  4 kobolds
  5 rats
48 creatures vanquished.

Notes
Turn   | Place    | Note
--------------------------------------------------------------
     0 | D:1      | theElss the Gargoyle Berserker began the quest for the Orb.
     0 | D:1      | Reached XP level 1. HP: 14/14 MP: 1/1
   109 | D:1      | Reached XP level 2. HP: 17/19 MP: 2/2
   594 | D:1      | Reached ** piety under Trog
   594 | D:1      | Reached XP level 3. HP: 23/24 MP: 3/3
  1112 | D:2      | Reached XP level 4. HP: 24/29 MP: 4/4
  1149 | D:2      | Slain by an adder

Skill      XL: |  1  2  3 |
---------------+----------+-----
Dodging        | 2 |  2.7
Fighting       | |  3.8
Maces & Flails | |  3.8
Armour         | |  2.4

Action                   |  1- 3 |  4- 6 || total
-------------------------+-------+-------++-------
Melee: Mace              |   141 |    24 ||   165
Invok: Berserk           |       |     1 ||     1
  Eat: Chunk             |     1 |       ||     1
Armor: Animal skin       |    61 |    14 ||    75
Dodge: Dodged            |   127 |    30 ||   157
